 Dungeon Crawl Stone Soup version 0.28-a0-1387-g3a22ab9bdc (webtiles) character file.

Game seed: 8898762224056420800

256 Deminshera the Skirmisher (level 6, -2/52 HPs)
             Began as a Hill Orc Abyssal Knight on Jan 2, 2022.
             Was a Believer of Lugonu.
             Killed by nerve-wracking pain
             ... invoked by Grinder
              (12 damage)
             ... on level 3 of the Dungeon.
             The game lasted 00:05:29 (4500 turns).

Deminshera the Skirmisher (Hill Orc Abyssal Knight) Turns: 4500, Time: 00:05:30

Health: -2/52      AC:  7    Str: 18    XL:     6   Next: 16%
Magic:  8/8        EV:  9    Int:  8    God:    Lugonu [**....]
Gold:   23         SH:  0    Dex: 11    Spells: 5/5 levels left

rFire   . . .      SeeInvis .   a - +1 hand axe
rCold   . . .      Faith    .   (no shield)
rNeg    . . .      Spirit   .   l - +0 scale mail
rPois   .          Reflect  .   (no helmet)
rElec   .          Harm     .   (no cloak)
rCorr   .          Rampage  .   (no gloves)
Will    .....                   k - +0 pair of boots
Stlth   ..........              (no amulet)
HPRegen 0.17/turn               (no ring)
MPRegen 0.11/turn               (no ring)

@: mighty
A: dopey 1
a: Renounce Religion, Depart the Abyss, Bend Space


You were on level 3 of the Dungeon.
You worshipped Lugonu.
Lugonu was pleased with you.
You visited 1 branch of the dungeon, and saw 3 of its levels.
You visited the Abyss 1 time.
You also visited: Sewer.

You collected 78 gold pieces.
You spent 55 gold pieces at shops.

Inventory:

Hand Weapons
 a - a +1 hand axe (weapon)
 d - a +0 hunting sling
Missiles
 g - 72 stones
 n - 5 javelins (quivered)
Armour
 k - a +0 pair of boots (worn)
 l - a +0 scale mail (worn)
Scrolls
 c - a scroll of blinking {unknown}
 e - 3 scrolls of identify
 f - 2 scrolls of teleportation
 j - a scroll of fear
 m - a scroll of noise
 q - a scroll of magic mapping
Potions
 b - a potion of attraction {unknown}
 i - a potion of berserk rage {unknown}
 o - a potion of cancellation {unknown}
 p - a potion of heal wounds {unknown}


   Skills:
 - Level 3.9 Fighting
 - Level 3.0 Axes
 + Level 3.1(3.8) Slings
 + Level 3.3(3.9) Throwing
 - Level 2.4 Armour
 - Level 1.1 Dodging
 - Level 2.8 Invocations


You had 5 spell levels left.
You didn't know any spells.
Your spell library was empty.

Dungeon Overview and Level Annotations

Branches:
Dungeon (3/15)              Sewer (visited)

Altars:
Cheibriados
Okawaru
Ru

Shops:
D:3 ?

Annotations:
D:3 Grinder


Innate Abilities, Weirdness & Mutations

You are dopey. (Int -2)


Message History

You kill the bat!
Lugonu accepts your kill.
Grinder comes into view.
Grinder shouts!
Grinder blinks!
Grinder moves out of view.
No target in view!
Grinder is nearby!
Grinder is nearby!
You shoot a stone.
The stone hits Grinder but does no damage.
Grinder is nearby!
You shoot a stone. The stone hits Grinder.
Grinder is lightly wounded.
Grinder is nearby!
You shoot a stone. The stone closely misses Grinder.
You shoot a stone. The stone hits Grinder.
Grinder is moderately wounded.
You shoot a stone.
The stone hits Grinder but does no damage.
Grinder is lightly wounded.
You shoot a stone. The stone closely misses Grinder.
Grinder hits you.
You writhe in agony.
You shoot a stone. The stone barely misses Grinder.
Grinder hits you. Grinder hits you!
You writhe in agony.
a - a +1 hand axe (weapon)
Your scale mail prevents you from hitting Grinder.
Grinder is lightly wounded.
Grinder gestures at you. Pain shoots through your body!
You closely miss Grinder.
Grinder is lightly wounded.
Grinder hits you.
You writhe in agony.
* * * LOW HITPOINT WARNING * * *
You barely miss Grinder.
Grinder is lightly wounded.
Grinder hits you but does no damage.
You feel very mighty all of a sudden. Grinder gestures at you.
Pain shoots through your body!
You die...

#.>.........##.###.
##....#####.##.# #. *****
#.#### #.##.# #. *********,,,*
#.# #....# #. ,,,,,,,,,,,,**
#.# ###### #. ≈≈,≈≈≈≈≈≈≈,,,*
#.# #. ,,,≈,,,,,≈,*,* #.# ##
≈≈≈≈,≈≈≈,≈,*,* #.#*****
,,,≈,≈_≈,≈,,,* #@#,,^,*
,≈,≈,≈,≈,≈,,,* #5#,**,********
_≈,≈,,,≈,≈,*,* #(#,*,,,,,,,,,*
≈≈,≈≈≈≈≈,≈,*,* #(.,*,,******,*
,,,≈,,,,,≈,,,**#.#**********,*
≈≈≈≈,≈≈≈≈≈,,,,,((.,,,,,,,,,,,*
,,,,,,,,,,,,***###**,*********
*********,,,* *,* ***** *,*


You could see Grinder.

Vanquished Creatures
  Pargi (Sewer)
  5 adders
  A river rat (D:3)
  3 worms
  6 dart slugs
  5 orcs (D:3)
  6 bats
  4 endoplasms
  6 giant cockroaches
  3 goblins
  7 hobgoblins
  2 jackals (D:2)
  9 kobolds
  A quokka (D:3)
  8 ball pythons
  3 frilled lizards
  4 rats
74 creatures vanquished.

Notes
Turn   | Place    | Note
-------+----------+-------------------------------------------
     0 | Abyss:1  | Deminshera the Hill Orc Abyssal Knight began the quest for
                  | the Orb.
     0 | Abyss:1  | Reached XP level 1. HP: 19/19 MP: 2/2
    41 | Abyss:1  | Noticed a neqoxec
    41 | Abyss:1  | Gained mutation: You are dopey. (Int -2) [a neqoxec]
    46 | D:1      | Escaped the Abyss
   122 | D:1      | Reached skill level 1 in Dodging
   122 | D:1      | Reached XP level 2. HP: 24/27 MP: 3/3
   430 | D:1      | Found a faded altar of an unknown god.
   764 | D:2      | Reached XP level 3. HP: 33/33 MP: 5/5
   959 | D:2      | Reached skill level 1 in Throwing
  1446 | D:2      | Reached skill level 1 in Slings
  1854 | D:2      | Reached XP level 4. HP: 36/40 MP: 6/6
  2654 | D:2      | Found a snail-covered altar of Cheibriados.
  2926 | D:3      | Found Istre Heh's Magic Scroll Shop.
  2930 | D:3      | Bought a scroll of identify for 22 gold pieces
  2930 | D:3      | Bought a scroll of teleportation for 33 gold pieces
  3237 | D:3      | Reached ** piety under Lugonu
  3274 | D:3      | Reached XP level 5. HP: 36/46 MP: 7/7
  3277 | D:3      | Found a glowing drain.
  3281 | Sewer    | Entered a sewer
  3564 | Sewer    | Noticed Pargi
  3590 | Sewer    | Killed Pargi
  3591 | Sewer    | Reached XP level 6. HP: 9/52 MP: 8/8
  4006 | D:3      | Found a sacrificial altar of Ru.
  4281 | D:3      | Found an iron altar of Okawaru.
  4486 | D:3      | Noticed Grinder
  4500 | D:3      | Killed from afar by Grinder

Illustrated notes

Levels and vault maps discovered:
D:1:      lemuel_arrival_cross, layout_rooms, dreamdust_ecumenical_altar_grove,
          minmay_tiny_reverse_x
D:2:      layout_loops_ring, basic_altar, minivault_24
D:3:      layout_basic, mainiacjoe_overflow_alcove_4,
          lemuel_coloured_pillars_altar, lightli_temple_of_fire,
          mainiacjoe_overflow_catwalk_spiral, gup_sewer_entry_spiral,
          serial_shops, nicolae_shop_hallway_stairs, uniq_grinder

Skill      XL: |  1  2  3  4  5 |
---------------+----------------+-----
Dodging        | 1 |  1.1
Axes           | 3 |  3.0
Throwing       | 1 2 3 |  3.3
Slings         | 1 2 3 |  3.1
Fighting       | |  3.9
Armour         | |  2.4
Invocations    | |  2.8

Action                   |  1- 3 |  4- 6 || total
-------------------------+-------+-------++-------
Melee: Hand axe          |    38 |    90 ||   128
 Fire: Hunting sling     |    92 |   104 ||   196
Throw: Javelin           |       |     6 ||     6
  Use: Scroll            |       |     4 ||     4
       Potion            |       |     4 ||     4
Armor: Leather armour    |    32 |     2 ||    34
       Scale mail        |       |    75 ||    75
Dodge: Dodged            |    56 |    62 ||   118

Table legend: (Time is in decaauts)
 A = Elapsed time spent in this place.
 B = Non-inter-level travel time spent in this place.
 C = Inter-level travel time spent in this place.
 D = Time resting spent in this place.
 E = Time spent auto-exploring this place.
 F = Levels seen in this place.
 G = Mean time per level.
                   A        B        C        D        E       F      G
               +--------+--------+--------+--------+--------+-----+--------+
         Total |   4580 |   4335 |    245 |   1639 |   1957 |   5 |  916.0 |
       Dungeon |   3920 |   3675 |    245 |   1238 |   1802 |   3 | 1306.7 |
         Abyss |     46 |     46 |      0 |      0 |     35 |   1 |   46.0 |
         Sewer |    614 |    614 |      0 |    401 |    120 |   1 |  614.0 |
               +--------+--------+--------+--------+--------+-----+--------+

Top non-repeatable levels by time:
     D:2: 2100 daAuts
     D:3: 1021 daAuts
     D:1: 797 daAuts
   Sewer: 614 daAuts
 Abyss:1: 46 daAuts
